 Dungeon Crawl Stone Soup version 0.22-a0-618-gd6a3efe1fc (webtiles) character file.

146 Fandomethor the Cudgeler (level 5, -10/32 HPs)
             Began as a Gargoyle Fighter on July 13, 2018.
             Killed by divine providence
             ... invoked by an orc priest
              (12 damage)
             ... on level 3 of the Dungeon.
             The game lasted 00:02:52 (2497 turns).

Fandomethor the Cudgeler (Gargoyle Fighter)         Turns: 2497, Time: 00:02:53

Health: -10/32     AC: 10    Str: 24    XL:     5   Next: 28%
Magic:  5/5        EV:  7    Int:  9    God:
Gold:   111        SH: 12    Dex: 10    Spells: 4/4 levels left

rFire    + . .     SeeInvis .   a - +0 flail
rCold    . . .     Gourm    .   c - +0 shield
rNeg     + . .     Faith    .   b - +0 scale mail
rPois    ∞         Spirit   .   (no helmet)
rElec    +         Reflect  +   (no cloak)
rCorr    .         Harm     .   (no gloves)
MR       +....                  (no boots)
Stlth    ..........             u - +3 amulet of reflection
HPRegen  0.10/turn              n - ring of protection from fire
MPRegen  0.09/turn              q - ring of protection from magic

@: mighty
A: negative energy resistance 1, electricity resistance, unbreathing,
petrification resistance, rot immunity, AC +4
a: no special abilities


You were on level 3 of the Dungeon.
You were hungry.

You visited 1 branch of the dungeon, and saw 3 of its levels.

You collected 111 gold pieces.

Inventory:

Hand Weapons
 a - a +0 flail (weapon)
Armour
 b - a +0 scale mail (worn)
 c - a +0 shield (worn)
Jewellery
 n - a ring of protection from fire (left hand)
 q - a ring of protection from magic (right hand)
 u - a +3 amulet of reflection (around neck)
Scrolls
 e - 5 scrolls of identify {unknown}
 g - 2 scrolls of fear {unknown}
 h - a scroll of immolation {unknown}
 i - a scroll of teleportation {unknown}
 j - a scroll of fog {unknown}
 l - a scroll of enchant weapon {unknown}
 o - a scroll of blinking {unknown}
Potions
 d - 2 potions of might
 k - a potion of lignification {unknown}
 m - 2 potions of mutation {unknown}
 p - a potion of haste {unknown}
 r - a potion of degeneration {unknown}
 s - a potion of heal wounds {unknown}
Comestibles
 f - 6 rations
 t - 6 chunks of flesh


   Skills:
 - Level 3.2 Fighting
 + Level 5.3 Maces & Flails
 - Level 3.2 Armour
 - Level 3.2 Shields


You had 4 spell levels left.
You didn't know any spells.
Your spell library was empty.

Dungeon Overview and Level Annotations

Branches:
Dungeon (3/15)

Altars:
Trog
Uskayaw


Innate Abilities, Weirdness & Mutations

You are resistant to torment.
Your stone body is resilient. (AC +4)
You are immune to poison.
You resist negative energy. (rN+)
You are resistant to electric shocks. (rElec)
You can survive without breathing.
You are immune to petrification.
You are immune to rotting.


Message History

* * * LOW HITPOINT WARNING * * *
You closely miss the orc priest.
The orc priest invokes the aid of Beogh against you.
You are unaffected.
You closely miss the orc priest.
The orc priest hits you but does no damage.
You are feeling hungry.
Your shield and scale mail prevent you from hitting the orc priest.
The orc priest hits you but does no damage.
You feel very mighty all of a sudden.
The orc priest hits you but does no damage.
You closely miss the orc priest.
The orc priest invokes the aid of Beogh against you.
Beogh smites you!
* * * LOW HITPOINT WARNING * * *
The orc priest begins to cast a cantrip, but forgets the words!
You closely miss the orc priest.
The orc priest mumbles some strange prayers to Beogh against you.
Beogh smites you!
You die...

#......###.......##.#
.
#....#...#..####....#
.. #....###....##
###### ##. ######
###...# .... ##..#.##
..... #..##..#
......#### #.###..##
..o...o..# #.#
#...##### ..o...##.##
#@# #.......# .oo..
#..###o# ##......#
.oo. ##o..oo#
#......# ... ###o###
##.....# o. ###
#.....# . #.....#
#######


You could see 2 orc priests and 2 orcs.

Vanquished Creatures
  3 gnolls (D:2)
  4 adders
  An ooze (D:2)
  2 worms
  2 dart slugs
  2 orcs (D:3)
  4 bats
  5 giant cockroaches
  12 goblins
  10 hobgoblins
  3 jackals (D:3)
  3 kobolds
  2 quokkas (D:2)
  2 ball pythons (D:2)
  3 frilled lizards (D:2)
  3 rats (D:2)
61 creatures vanquished.

Notes
Turn   | Place    | Note
-------+----------+-------------------------------------------
     0 | D:1      | Fandomethor the Gargoyle Fighter began the quest for the Orb.
     0 | D:1      | Reached XP level 1. HP: 14/14 MP: 1/1
   136 | D:1      | Reached XP level 2. HP: 17/19 MP: 2/2
   339 | D:1      | Reached skill level 3 in Maces & Flails
  1075 | D:2      | Reached XP level 3. HP: 13/23 MP: 3/3
  1321 | D:2      | Reached skill level 4 in Maces & Flails
  1415 | D:2      | Reached XP level 4. HP: 26/28 MP: 4/4
  1921 | D:2      | Found a hide-covered altar of Uskayaw.
  1921 | D:2      | Found a bloodstained altar of Trog.
  2252 | D:3      | Reached skill level 5 in Maces & Flails
  2252 | D:3      | Reached XP level 5. HP: 25/32 MP: 5/5
  2497 | D:3      | Killed from afar by an orc priest

Vault maps used:
D:1:      mrwooster_arrival_arrow, minmay_door_square, roderic_serpentine_path
D:2:      gammafunk_temple_overflow_elements, minmay_ruptured
D:3:      kennysheep_goblin_castle, uniq_terence

Skill      XL: |  1  2  3  4 |
---------------+-------------+-----
Maces & Flails | 3 4 5 |  5.3
Fighting       | |  3.2
Armour         | |  3.2
Shields        | |  3.2

Action                   |  1- 3 |  4- 6 || total
-------------------------+-------+-------++-------
Melee: Flail             |   122 |   116 ||   238
  Use: Potion            |       |     1 ||     1
  Eat: Chunk             |     1 |     4 ||     5
Armor: Scale mail        |    61 |    74 ||   135
Dodge: Dodged            |    41 |    46 ||    87
Block: Shield            |    63 |    59 ||   122

Table legend:
 A = Spawn XP
 B = Non-spawn XP
 C = Spawn XP percentage of total XP
 D = Spawn monster count
 E = Non-spawn monster count
 F = Spawn count percentage of total count
 G = Total turns spent on level
                    A         B        C        D         E        F      G
               +---------+---------+-------+---------+---------+-------+---------
         Total |       0 |     209 |   0.0 |       0 |      61 |   0.0 |  2497
               +---------+---------+-------+---------+---------+-------+---------
           D:1 |       0 |      21 |   0.0 |       0 |      11 |   0.0 |  1142
           D:2 |       0 |     125 |   0.0 |       0 |      26 |   0.0 |  1033
           D:3 |       0 |      63 |   0.0 |       0 |      24 |   0.0 |   322
               +---------+---------+-------+---------+---------+-------+---------
